 Dungeon Crawl Stone Soup version 0.21-a0-507-ga8f6b7a (webtiles) character file.

96 slep the Poker (level 4, 0/33 HPs)
             Began as a Demonspawn Gladiator on Nov 28, 2017.
             Slain by a gnoll
             ... wielding a +0 club
              (5 damage)
             ... on level 3 of the Dungeon.
             The game lasted 00:06:52 (1517 turns).

slep the Poker (Demonspawn Gladiator)               Turns: 1517, Time: 00:06:53

Health: 0/33       AC:  8    Str: 15    XL:     4   Next: 41%
Magic:  4/4        EV: 13    Int:  9    God:
Gold:   62         SH:  0    Dex: 15    Spells: 3/3 levels left

rFire    . . .     SeeInvis .   a - +0 trident
rCold    . . .     Gourm    .   (no shield)
rNeg     . . .     Faith    .   b - +0 leather armour
rPois    .         Spirit   .   c - +0 helmet
rElec    .         Reflect  .   (no cloak)
rCorr    .         Harm     .   s - +0 pair of gloves
MR       .....                  j - +0 pair of boots {Stlth+}
Stlth    ++........             q - amulet of rage
HPRegen  0.11/turn              (no ring)
MPRegen  0.09/turn              (no ring)

@: no status effects
A: hooves 1, yellow scales 1
a: Evoke Berserk Rage


You were on level 3 of the Dungeon.
You were not hungry.

You visited 1 branch of the dungeon, and saw 3 of its levels.

You collected 62 gold pieces.

Inventory:

Hand Weapons
 a - a +0 trident (weapon)
Missiles
 d - 3 throwing nets (quivered)
 h - 4 curare-tipped needles
Armour
 b - a +0 leather armour (worn)
 c - a +0 helmet (worn)
 j - a +0 pair of boots of stealth (worn)
 s - a +0 pair of gloves (worn)
Jewellery
 q - an amulet of rage (around neck)
Scrolls
 g - 3 scrolls of identify {unknown}
 k - a scroll of enchant armour {unknown}
 l - a scroll of magic mapping {unknown}
 m - a scroll of immolation {unknown}
 o - a scroll of remove curse {unknown}
 r - a scroll of fear {unknown}
Potions
 e - a potion of heal wounds {unknown}
 n - a potion of haste {unknown}
 p - a potion of might {unknown}
Comestibles
 f - 4 bread rations
 i - 2 fruits
 t - a chunk of flesh


   Skills:
 + Level 2.2 Fighting
 + Level 3.8 Polearms
 + Level 1.8 Throwing
 + Level 1.3 Armour
 + Level 3.1 Dodging
 + Level 0.8 Stealth


You had 3 spell levels left.
You didn't know any spells.

Dungeon Overview and Level Annotations

Branches:
Dungeon (3/15)

Altars:
Uskayaw
Vehumet
The Shining One

Annotations:
D:3 Robin


Innate Abilities, Weirdness & Mutations

You have large cloven feet.
You are partially covered in yellow scales. (AC +2)


Message History

The gnoll misses you.
Attack whom?
Press: ? - help, Dir - move target cursor, f/p - gnoll
Aim: a gnoll, wielding a club You reach to attack!
You barely miss the gnoll. The gnoll barely misses you.
Attack whom?
Press: ? - help, Dir - move target cursor, f/p - gnoll
Aim: a gnoll, wielding a club You reach to attack!
You barely miss the gnoll. The gnoll hits you but does no damage.
The gnoll closely misses you.
You see here a stone.
Attack whom?
Press: ? - help, Dir - move target cursor, f/p - gnoll
Aim: a gnoll, wielding a club You reach to attack!
Your leather armour prevents you from hitting the gnoll.
The gnoll hits you with a club.
You die...

#...... .......
#..##.######
#..##...... #>........
#..##.#†.###+#####
#..##.##.##......#
#....gg.g)'......#
#.###.###@#......# #)#
#.# #........#
....#.####.......#
$............((...#
......##......(##'##
.......##.......##.#
........##.......)))#
.........##.......##)#
#.....#<##(#


You could see 3 gnolls.

Vanquished Creatures
  A gnoll (D:3)
  An adder (D:2)
  An ooze (D:3)
  A dart slug (D:3)
  4 leopard geckos
  An orc (D:3)
  8 bats
  4 giant cockroaches
  11 goblins
  9 hobgoblins
  7 jackals (D:2)
  4 frilled lizards
  4 kobolds
  3 rats
59 creatures vanquished.

Notes
Turn   | Place    | Note
-------+----------+-------------------------------------------
     0 | D:1      | slep the Demonspawn Gladiator began the quest for the Orb.
     0 | D:1      | Reached XP level 1. HP: 16/16 MP: 1/1
   132 | D:1      | Gained mutation: You are partially covered in yellow scales. (AC +2) [demonic ancestry]
   132 | D:1      | Reached XP level 2. HP: 14/22 MP: 2/2
   830 | D:2      | Gained mutation: You have large cloven feet. [demonic ancestry]
   830 | D:2      | Reached XP level 3. HP: 27/27 MP: 3/3
  1119 | D:2      | Found a glowing golden altar of the Shining One.
  1134 | D:2      | Found a hide-covered altar of Uskayaw.
  1137 | D:2      | Found a radiant altar of Vehumet.
  1252 | D:3      | Reached skill level 1 in Armour
  1314 | D:3      | Reached XP level 4. HP: 29/33 MP: 4/4
  1323 | D:3      | Noticed Robin
  1517 | D:3      | Slain by a gnoll

Vault maps used:
D:1:      minmay_arrival_open_corners, minmay_misc_feat_encased,
          hangedman_decor_lopped
D:2:      grunt_temple_overflow_diamond
D:3:      lemuel_coloured_pillars_altar, gammafunk_temple_overflow_statue,
          first_bread, kennysheep_generic_room_12, uniq_robin

Skill      XL: |  1  2  3 |
---------------+----------+-----
Polearms       | 3 |  3.8
Dodging        | 3 |  3.1
Armour         | 1 |  1.3
Fighting       | |  2.2
Throwing       | |  1.8
Stealth        | |  0.8

Action                   |  1- 3 |  4- 6 || total
-------------------------+-------+-------++-------
Melee: Trident           |   134 |    42 ||   176
 Stab: Sleeping          |     7 |       ||     7
  Eat: Chunk             |     1 |     1 ||     2
Armor: Leather armour    |    52 |    13 ||    65
Dodge: Dodged            |   104 |    38 ||   142

Table legend:
 A = Spawn XP
 B = Non-spawn XP
 C = Spawn XP percentage of total XP
 D = Spawn monster count
 E = Non-spawn monster count
 F = Spawn count percentage of total count
 G = Total turns spent on level
                    A         B        C        D         E        F      G
               +---------+---------+-------+---------+---------+-------+---------
         Total |       0 |     138 |   0.0 |       0 |      59 |   0.0 |  1517
               +---------+---------+-------+---------+---------+-------+---------
           D:1 |       0 |      35 |   0.0 |       0 |      21 |   0.0 |   744
           D:2 |       0 |      45 |   0.0 |       0 |      19 |   0.0 |   451
           D:3 |       0 |      58 |   0.0 |       0 |      19 |   0.0 |   322
               +---------+---------+-------+---------+---------+-------+---------
